 Dungeon Crawl Stone Soup version 0.28-a0-991-g956f0ee3d5 (webtiles) character file.

Game seed: 17046303747852859505

133457 Armakuni the Destroyer (level 17, 0/125 HPs)
             Began as a Human Conjurer on Dec 4, 2021.
             Was a High Priest of Vehumet.
             Slain by a salamander (7 damage)
             ... on level 2 of the Snake Pit.
             The game lasted 02:07:01 (29998 turns).

Armakuni the Destroyer (Human Conjurer)            Turns: 29998, Time: 02:07:02

Health: 0/125      AC: 24    Str: 18    XL:     17   Next: 72%
Magic:  9/31       EV:  9    Int: 31    God:    Vehumet [*****.]
Gold:   1914       SH:  5    Dex: 12    Spells: 6/37 levels left

rFire   + . .      SeeInvis .   a - staff of fire
rCold   . . .      Faith    .   r - +0 buckler
rNeg    . . .      Spirit   .   t - +4 chain mail of the Trees {Regen+}
rPois   .          Reflect  .   K - +1 helmet
rElec   .          Harm     .   i - +0 cloak
rCorr   .          Rampage  .   S - +0 pair of gloves {Stlth+}
Will    +....      Clarity  +   X - +2 pair of boots
Stlth   ..........              A - amulet "Weirat" {Acrobat Str+4 Int+4}
HPRegen 1.10/turn               I - ring "Giana" {Int+5 Slay+4}
MPRegen 0.22/turn               P - ring of poison resistance

@: poison vulnerable
A: clarity, clever 1
a: Renounce Religion


You were on level 2 of the Snake Pit.
You worshipped Vehumet.
Vehumet was extremely pleased with you.
You visited 4 branches of the dungeon, and saw 25 of its levels.
You also visited: Sewer and Gauntlet.

You collected 2390 gold pieces.
You spent 476 gold pieces at shops.

Inventory:

Missiles
 B - 12 curare-tipped darts
Armour
 i - a +0 cloak (worn)
 r - a +0 buckler (worn)
 t - the +4 chain mail of the Trees (worn) {Regen+}
   (You bought it in a shop on level 2 of the Orcish Mines)

   Regen:     It increases your rate of health regeneration.
 u - the +3 kite shield of Fawk {rElec Dex+4}
   (You found it on level 11 of the Dungeon)

   Dex:       It affects your dexterity (+4).
   rElec:     It insulates you from electricity.
 K - a +1 helmet (worn)
 S - a +0 pair of gloves of stealth (worn)
 X - a +2 pair of boots (worn)
Magical Staves
 a - a staff of fire (weapon)
 b - a staff of conjuration
Jewellery
 A - the amulet "Weirat" (around neck) {Acrobat Str+4 Int+4}
   (You bought it in a shop on level 2 of the Orcish Mines)

   [amulet of the acrobat]

   It increases your evasion while moving and waiting.
   Str:       It affects your strength (+4).
   Int:       It affects your intelligence (+4).
 D - the ring "Qets" {rF+ rN+ Str+4 Int-2 Dex+4}
   (You found it on level 2 of the Lair of Beasts)

   [ring of positive energy]

   Str:       It affects your strength (+4).
   Int:       It affects your intelligence (-2).
   Dex:       It affects your dexterity (+4).
   rF:        It protects you from fire.
   rN:        It protects you from negative energy.
 I - the ring "Giana" (left hand) {Int+5 Slay+4}
   (You took it off a minotaur in a Gauntlet)

   [ring of slaying]

   Int:       It affects your intelligence (+5).
   Slay:      It affects your accuracy & damage with ranged weapons and melee
   (+4).
 P - a ring of poison resistance (right hand)
Wands
 d - a wand of acid (4)
 q - a wand of flame (28)
 s - a wand of iceblast (10)
 w - a wand of charming (3)
 x - a wand of paralysis (1)
 z - a wand of polymorph (7)
 F - a wand of mindburst (7)
 T - a wand of digging (3)
Scrolls
 c - 3 scrolls of magic mapping
 e - 5 scrolls of blinking
 h - 6 scrolls of teleportation
 j - 3 scrolls of identify
 v - 4 scrolls of immolation
 y - 2 scrolls of fear
 E - a scroll of summoning
 J - 4 scrolls of vulnerability
 M - a scroll of noise
Potions
 f - 2 potions of heal wounds
 g - 7 potions of curing
 k - 4 potions of lignification
 l - 2 potions of cancellation
 m - 3 potions of ambrosia
 n - 3 potions of might
 o - 6 potions of flight
 p - 7 potions of haste
 C - 2 potions of mutation
 N - a potion of berserk rage
 O - 2 potions of brilliance
 V - a potion of invisibility
Miscellaneous
 L - a lightning rod (inert)
 W - a condenser vane (inert)


   Skills:
 - Level 9.1 Fighting
 - Level 12.0 Staves
 + Level 9.8 Armour
 - Level 5.3 Dodging
 - Level 2.0 Stealth
 + Level 5.3 Shields
 + Level 10.9 Spellcasting
 + Level 12.4 Conjurations
 - Level 4.0 Translocations
 - Level 11.2 Fire Magic
 - Level 10.0 Earth Magic
 - Level 10.0 Evocations


You had 6 spell levels left.
You knew the following spells:

 Your Spells              Type           Power      Damage    Failure   Level
a - Apportation           Tloc           82%        N/A       4%          1
b - Starburst             Conj/Fire      47%        6d13      9%          6
c - Mephitic Cloud        Conj/Pois/Air  42%        N/A       4%          3
f - Fireball              Conj/Fire      47%        3d19      1%          5
i - Iron Shot             Conj/Erth      36%        9d7       11%         6
m - Iskenderun's Mystic   Conj/Tloc      61%        2d13      2%          4
s - Scorch                Fire           100%       2d10      1%          2
z - Sticky Flame          Conj/Fire      94%        2d10      1%          4

Your spell library contained the following spells:

 Spells                   Type           Power      Damage    Failure   Level
 Ozocubu's Refrigeration  Ice            8%         4d6       100%        7
 Magic Dart               Conj           100%       1d8       1%          1
 Searing Ray              Conj           100%       2d8       1%          2
 Static Discharge         Conj/Air       53%        N/A       1%          2
 Dazzling Flash           Conj/Hex       100%       N/A       1%          3
 Stone Arrow              Conj/Erth      100%       3d13      1%          3
 Flame Wave               Conj/Fire      94%        2d13      1%          4
 Iskenderun's Battlesphe  Conj           76%        2d12      1%          5
 Lee's Rapid Deconstruct  Erth           34%        3d18*     3%          5
 Passwall                 Tmut/Erth      39%        N/A       4%          2
 Fulminant Prism          Conj/Hex       26%        3d14      5%          4
 Hailstorm                Conj/Ice       53%        3d12      5%          4
 Freeze                   Ice            64%        1d8       7%          1
 Irradiate                Conj/Tmut      26%        3d22      16%         5
 Frozen Ramparts          Ice            32%        1d5       21%         3
 Beastly Appendage        Tmut           32%        N/A       26%         1
 Summon Small Mammal      Summ           64%        N/A       26%         1
 Freezing Cloud           Conj/Ice/Air   21%        6-21      32%         5
 Portal Projectile        Hex/Tloc       58%        N/A       34%         3
 Call Imp                 Summ           16%        N/A       36%         2
 Ensorcelled Hibernation  Hex/Ice        32%        N/A       36%         2
 Sublimation of Blood     Necr           16%        N/A       36%         2
 Wereblood                Tmut           16%        N/A       36%         2
 Passage of Golubria      Tloc           41%        N/A       45%         4
 Call Canine Familiar     Summ           16%        N/A       61%         3
 Spider Form              Tmut/Pois      16%        N/A       61%         3
 Summon Guardian Golem    Hex/Summ       16%        N/A       61%         3
 Swiftness                Air            16%        N/A       61%         3
 Yara's Violent Unravell  Hex/Tmut       8%         3d5       83%         5
 Animate Dead             Necr           8%         N/A       95%         4
 Dispel Undead            Necr           16%        3d10      95%         4
 Ice Form                 Ice/Tmut       16%        N/A       95%         4
 Summon Forest            Summ/Tloc      14%        N/A       97%         5
 Summon Mana Viper        Hex/Summ       16%        N/A       100%        5
 Simulacrum               Ice/Necr       8%         N/A       100%        6
 Summon Cactus Giant      Summ           8%         N/A       100%        6
 Ignition                 Fire           46%        3d13      97%         8
 Spellforged Servitor     Conj/Summ      26%        N/A       98%         7
 Lehudib's Crystal Spear  Conj/Erth      36%        10d9      98%         8
 Haunt                    Necr/Summ      8%         N/A       100%        7
 Summon Hydra             Summ           8%         N/A       100%        7
 Infestation              Necr           8%         N/A       100%        8


Dungeon Overview and Level Annotations

Branches:
Dungeon (15/15)            Temple (0/1) D:4            Lair (6/6) D:9
 Shoals (0/4) Lair:2        Snake (1/4) Lair:3        Slime (0/5) Lair:5
    Orc (2/2) D:9             Elf (0/3) Orc:2        Vaults (0/5) D:14
 Depths (0/4) D:15          Sewer (visited)         Gauntlet (visited)

Altars:
Cheibriados
Elyvilon
Fedhas
Hepliaklqana
Kikubaaqudgha
Makhleb
Nemelex Xobeh
Trog
Uskayaw
Vehumet
Wu Jian
Zin
The Shining One
Beogh
Jiyva

Shops:
D:2 !   D:4 !   D:9 *   Orc:2 [:?=**

Annotations:
D:7 2 transporters, Yorgos's ghost, novice DjGl
D:9 exclusion: obsidian statue


Innate Abilities, Weirdness & Mutations

You possess an exceptional clarity of mind.
Your mind is acute. (Int +2)


Message History

Confirm with . or Enter, or press ? or * to list all spells.
Aiming: Sticky Flame (mildly dangerous; 1% risk of failure)
Press: ? - help, Shift-Dir - straight line, f/p - black mamba
Aim: a black mamba (poison gas, 100% to hit)
You feel a surge of power!
The sticky flame hits the black mamba!
The black mamba is moderately wounded.
The black mamba is covered in liquid flames!
The black mamba burns!
The black mamba bites you but does no damage.
The salamander is engulfed in poison gas.
The salamander is poisoned.
The black mamba barely misses you.
The naga hits you from afar with a +0 trident!!
* * * LOW HITPOINT WARNING * * *
You hit the black mamba. You burn the black mamba!!
You kill the black mamba!
Vehumet accepts your kill.
You feel your power returning.
The salamander is engulfed in poison gas.
The salamander looks even sicker.
The salamander hits you but does no damage.
Really walk into that cloud of poison gas?
Okay, then.
Casting: Sticky Flame (mildly dangerous; 1% risk of failure)
Confirm with . or Enter, or press ? or * to list all spells.
Aiming: Fireball (mildly dangerous; 1% risk of failure)
Press: ? - help, Shift-Dir - straight line You feel a surge of power!
The fireball explodes!
The fireball engulfs the naga!!
You kill the naga!
Vehumet accepts your kill.
You feel your power returning.
The fireball engulfs the naga!!!
You kill the naga!
Vehumet accepts your kill.
You feel your power returning.
The salamander is engulfed in poison gas.
The salamander looks even sicker.
The salamander hits you from afar with a +0 halberd!
* * * LOW HITPOINT WARNING * * *
You are engulfed in flames!
You resist.
You die...

#...# #...#######
#.....N...#
#)N.....#.###
#####.#.....#)..#
#.>.#.#.....#○§.#
#..N.N#######§).#
#..N### #§###
.NN..#S #@# ##..
.. #○# #. ... #N#
# .... #§# #...N
#.# #.#.. #.# .N#
...# #...#


You could see a salamander (very poisoned) and a naga.

Vanquished Creatures
  A nagaraja (Snake:2)
  2 orc warlords (Orc:2)
  6 dire elephants (Lair:6)
  A minotaur (Gauntlet)
  The ghost of Tenar the Fighter, a journeyman DsEE of Gozag (Orc:1)
  The ghost of Ic0n the Basher, a journeyman DsBr of Makhleb (Lair:5)
  Azrael (D:12)
  An ettin (Orc:1)
  Josephine (Orc:2)
  Fannar (D:10)
  A rakshasa (D:15)
  4 boulder beetles
  A catoblepas (D:13)
  An ogre mage (D:15)
  9 hydras
  4 centaur warriors
  A death knight (D:15)
  2 dancing weapons
  The ghost of rikuthemoon the Basher, a journeyman GrBe of Trog (D:11)
  8 two-headed ogres
  4 death yaks (Lair:6)
  2 hell hogs (Gauntlet)
  2 orc high priests
  4 tengu warriors
  3 slime creatures
  Urug (Lair:1)
  4 skeletal warriors
  A spectral anaconda (Lair:6)
  A spectral hydra (Lair:5)
  4 deep elf pyromancers
  Pikel (D:6)
  An orb spider (shapeshifter) (D:14)
  4 necromancers (Lair:6)
  A lindwurm (Lair:6)
  An orc sorcerer (Orc:1)
  6 mana vipers
  2 wolf spiders (D:15)
  4 oklob plants (Lair:5)
  17 ugly things
  An obsidian statue (Lair:6)
  2 naga ritualists
  7 cyclopes
  8 orc knights
  3 salamanders
  21 elephants
  8 manticores
  2 spectral boulder beetles (Lair:5)
  A moth of wrath (Gauntlet)
  A dire elephant zombie (Lair:6)
  A black mamba (shapeshifter) (D:14)
  A guardian serpent (shapeshifter) (D:15)
  3 naga magi
  3 centaur zombies
  7 black mambas
  An ice statue (D:11)
  A dire elephant skeleton (Lair:6)
  2 gargoyles
  7 cane toads
  2 komodo dragons (shapeshifter)
  A rime drake (shapeshifter) (D:15)
  3 freezing wraiths
  A kobold demonologist (D:11)
  8 rime drakes
  Maggie (D:7)
  12 komodo dragons
  A yaktaur (D:11)
  4 efreet
  3 tengu conjurers (D:13)
  2 ice devils (D:11)
  7 trolls
  3 polar bears
  3 meliai (D:14)
  A meliai (shapeshifter) (D:14)
  A hornet (Lair:4)
  A wind drake (Lair:2)
  2 queen bees
  Prince Ribbit (D:7)
  5 blink frogs (Lair:2)
  9 dream sheep (Lair:6)
  2 shadows
  A yak (shapeshifter) (D:14)
  Eustachio (D:5)
  12 wyverns
  A centaur simulacrum (D:15)
  5 wraiths (Orc:2)
  10 fire bats
  A vampire (D:11)
  34 yaks
  9 basilisks
  4 fire elementals (D:11)
  Grum (Lair:1)
  8 wargs
  2 spectral cane toads
  4 vampire mosquitoes
  A redback simulacrum (D:15)
  6 acid dragons
  3 nagas
  7 hell hounds
  A floating eye (Lair:5)
  Duvessa (D:5)
  9 water moccasins
  3 black bears
  A sky beast (D:6)
  46 orc warriors
  2 spectral torpor snails (Lair:5)
  7 ogres
  An elephant zombie (Lair:6)
  17 wolves
  A centaur (D:11)
  2 kobold brigands
  10 bullfrogs
  A gnoll sergeant (D:9)
  2 wyvern zombies
  A scorpion (D:6)
  A wyvern skeleton (D:7)
  26 killer bees
  Dowan (D:5)
  8 wights
  5 electric eels (D:10)
  A howler monkey (D:6)
  A crimson imp (Gauntlet)
  2 lava snakes (Lair:2)
  2 hounds
  Crazy Yiuf (D:7)
  16 orc priests
  A bullfrog skeleton (D:6)
  9 iguanas
  24 orc wizards
  10 hell rats
  2 killer bee zombies
  A howler monkey zombie (D:9)
  A howler monkey skeleton (D:7)
  7 adders
  11 gnolls
  2 river rats (Sewer)
  3 worms
  88 orcs
  5 endoplasms
  3 giant cockroaches
  6 goblins
  3 hobgoblins
  3 jackals (D:4)
  11 kobolds
  4 quokkas
  5 ball pythons
  2 bats
  A frilled lizard (D:3)
  7 rats
752 creatures vanquished.

Vanquished Creatures (collateral kills)
  A water moccasin (Lair:6)
  A giant cockroach (D:1)
  A hobgoblin (D:1)
3 creatures vanquished.

Vanquished Creatures (others)
  A phantasmal warrior (D:15)
  A vampire mosquito (D:11)
  An orc wizard (D:12)
  27 fungi
  44 plants
  31 withered plants
105 creatures vanquished.

Grand Total: 860 creatures vanquished

Notes
Turn   | Place    | Note
-------+----------+-------------------------------------------
     0 | D:1      | Armakuni the Human Conjurer began the quest for the Orb.
     0 | D:1      | Reached XP level 1. HP: 13/13 MP: 3/3
    80 | D:1      | Found a faded altar of an unknown god.
   307 | D:1      | Reached XP level 2. HP: 16/19 MP: 1/5
   388 | D:1      | Learned a level 2 spell: Searing Ray
   822 | D:2      | Gained mutation: You possess an exceptional clarity of
                  | mind. [potion of mutation]
   822 | D:2      | Gained mutation: Your mind is acute. (Int +2) [potion of
                  | mutation]
   828 | D:2      | Reached XP level 3. HP: 16/24 MP: 0/7
  1480 | D:2      | Found Bear's Distillery.
  1486 | D:2      | Bought a potion of lignification for 42 gold pieces
  1499 | D:2      | Reached XP level 4. HP: 30/30 MP: 5/8
  1937 | D:3      | Found a radiant altar of Vehumet.
  1946 | D:3      | Became a worshipper of Vehumet
  1962 | D:3      | Learned a level 4 spell: Iskenderun's Mystic Blast
  2197 | D:3      | Found a glowing golden altar of the Shining One.
  2198 | D:3      | Found a burning altar of Makhleb.
  2224 | D:3      | Reached skill level 5 in Conjurations
  2237 | D:3      | Found a glowing drain.
  2248 | Sewer    | Entered a sewer
  2261 | Sewer    | Reached XP level 5. HP: 25/35 MP: 1/10
  2442 | Sewer    | Noticed a kobold brigand
  2529 | Sewer    | Killed a kobold brigand
  2673 | Sewer    | Found a white marble altar of Elyvilon.
  2748 | D:3      | Reached XP level 6. HP: 39/41 MP: 8/11
  3503 | D:3      | Found a sparkling altar of Nemelex Xobeh.
  3530 | D:3      | Reached * piety under Vehumet
  3530 | D:3      | Offered knowledge of Shock by Vehumet.
  3672 | D:3      | Found a white marble altar of Elyvilon.
  3771 | D:4      | Found a staircase to the Ecumenical Temple.
  3788 | D:4      | Found Lawussas's Distillery.
  3815 | D:4      | Bought a potion of degeneration for 14 gold pieces
  3912 | D:4      | You fall into a shaft and drop 1 floor!
  3912 | D:5      | Entered Level 5 of the Dungeon
  4007 | D:5      | Noticed Eustachio
  4046 | D:5      | Killed Eustachio
  4047 | D:5      | Reached skill level 5 in Spellcasting
  4047 | D:5      | Reached XP level 7. HP: 9/46 MP: 6/14
  4196 | D:5      | Learned a level 3 spell: Mephitic Cloud
  4370 | D:5      | Found a snail-covered altar of Cheibriados.
  4626 | D:5      | Noticed Duvessa
  4626 | D:5      | Noticed Dowan
  4631 | D:5      | Killed Dowan
  4643 | D:5      | Killed Duvessa
  4644 | D:5      | Reached XP level 8. HP: 46/52 MP: 3/16
  4653 | D:5      | HP: 2/78 [ogre (19)]
  5465 | D:6      | Reached ** piety under Vehumet
  5470 | D:6      | Offered knowledge of Foxfire by Vehumet.
  5947 | D:6      | Reached XP level 9. HP: 57/57 MP: 13/19
  6138 | D:6      | Found an ancient bone altar of Kikubaaqudgha.
  6138 | D:6      | Found a blossoming altar of Fedhas.
  6670 | D:7      | Found a transporter.
  6673 | D:7      | Noticed Yorgos's ghost (novice DjGl)
  6674 | D:7      | Found a transporter.
  6718 | D:7      | Noticed Pikel
  6729 | D:7      | Noticed Prince Ribbit
  6757 | D:6      | Killed Pikel
  6830 | D:7      | Killed Prince Ribbit
  6936 | D:7      | Learned a level 4 spell: Sticky Flame
  6965 | D:7      | Reached skill level 5 in Dodging
  6965 | D:7      | Reached XP level 10. HP: 73/73 MP: 22/22
  6995 | D:7      | Found a runed translucent door.
  6996 | D:7      | Noticed Crazy Yiuf
  7002 | D:7      | Killed Crazy Yiuf
  7148 | D:7      | Noticed Maggie
  7162 | D:7      | Killed Maggie
  7162 | D:7      | Offered knowledge of Poisonous Vapours by Vehumet.
  7163 | D:7      | Reached skill level 10 in Conjurations
  7163 | D:7      | Reached skill level 1 in Translocations
  7249 | D:7      | Noticed a gargoyle
  7623 | D:8      | Reached XP level 11. HP: 78/78 MP: 20/23
  7837 | D:8      | Noticed a cyan ugly thing
  7855 | D:8      | Reached skill level 1 in Fire Magic
  7868 | D:8      | Killed a cyan ugly thing
  7868 | D:8      | Reached *** piety under Vehumet
  8084 | D:8      | Got the Incunabulum of Icy Hexes
  8468 | D:8      | Learned a level 2 spell: Scorch
  8473 | D:8      | Learned a level 4 spell: Flame Wave
  8491 | D:8      | Noticed a two-headed ogre
  8501 | D:8      | Killed a two-headed ogre
  8687 | D:8      | Found a hazy altar of Hepliaklqana.
  8932 | D:9      | Found a staircase to the Orcish Mines.
  8934 | D:9      | Offered knowledge of Conjure Flame by Vehumet.
  8939 | D:9      | Reached skill level 5 in Fire Magic
  9099 | D:9      | Noticed an obsidian statue
  9148 | D:9      | Found a glowing silver altar of Zin.
  9148 | D:9      | Found Zin's Purification Station.
  9186 | D:9      | Found a hide-covered altar of Uskayaw.
  9301 | D:9      | Found a staircase to the Lair.
  9322 | D:9      | Found an ornate altar of the Wu Jian Council.
  9394 | D:9      | Reached **** piety under Vehumet
  9613 | D:10     | Entered Level 10 of the Dungeon
  9621 | D:10     | Noticed a boulder beetle
  9740 | D:9      | Killed a boulder beetle
 10143 | D:10     | Noticed Fannar
 10154 | D:10     | Killed Fannar
 10155 | D:10     | Reached XP level 12. HP: 50/85 MP: 14/24
 10343 | D:10     | Found a bloodstained altar of Trog.
 10365 | D:10     | Offered knowledge of Inner Flame by Vehumet.
 10850 | D:11     | Found a transporter.
 10855 | D:11     | Found a transporter.
 10888 | D:11     | Noticed a four-headed hydra
 10894 | D:11     | Killed a four-headed hydra
 11181 | D:11     | Noticed a boulder beetle
 11405 | D:11     | Noticed a two-headed ogre
 11522 | D:11     | Reached skill level 10 in Fire Magic
 11529 | D:11     | Reached skill level 5 in Evocations
 11622 | D:11     | Noticed rikuthemoon's ghost (journeyman GrBe)
 11625 | D:11     | Noticed a four-headed hydra
 11899 | D:12     | Noticed Azrael
 12055 | D:12     | Noticed a five-headed hydra
 12064 | D:12     | Killed a five-headed hydra
 12397 | D:12     | Killed Azrael
 12639 | D:12     | Noticed a two-headed ogre
 12645 | D:12     | Killed a two-headed ogre
 12662 | D:12     | Reached XP level 13. HP: 90/90 MP: 4/25
 13123 | D:13     | Reached ***** piety under Vehumet
 13123 | D:13     | Offered knowledge of Conjure Ball Lightning by Vehumet.
 13125 | D:13     | Noticed a catoblepas
 13134 | D:13     | Killed a catoblepas
 13229 | D:13     | Reached skill level 10 in Evocations
 13229 | D:13     | Reached skill level 5 in Staves
 14402 | D:14     | Noticed a boulder beetle
 14411 | D:14     | Killed a boulder beetle
 14412 | D:14     | Reached skill level 1 in Shields
 15090 | D:14     | Identified the -2 cloak of Fedhas's Scorn {-Tele Regen+
                  | SInv Stlth+}
 15247 | D:14     | Found a gate to the Vaults.
 15303 | D:14     | Noticed a centaur warrior
 15313 | D:14     | Reached XP level 14. HP: 91/96 MP: 12/26
 15321 | D:14     | Reached skill level 10 in Staves
 15452 | D:14     | Identified the +6 falchion of the Known World {flame, rF+}
 16565 | D:15     | Entered Level 15 of the Dungeon
 16706 | D:15     | Reached skill level 5 in Fighting
 16728 | D:15     | Offered knowledge of Airstrike by Vehumet.
 16732 | D:15     | HP: 4/101 [phantasmal warrior[a death knight] (33)]
 16965 | D:15     | Noticed a stone giant
 17255 | D:15     | Noticed an iron giant
 17259 | D:15     | Noticed a shard shrike
 17452 | Lair:1   | Entered Level 1 of the Lair of Beasts
 17452 | Lair:1   | Noticed Urug
 17460 | Lair:1   | Killed Urug
 17461 | Lair:1   | Reached XP level 15. HP: 102/113 MP: 19/27
 17780 | Lair:1   | Reached skill level 5 in Armour
 17842 | Lair:1   | Noticed Grum
 17847 | Lair:1   | Killed Grum
 19101 | Lair:2   | Found a staircase to the Shoals.
 19219 | Lair:2   | Identified the ring "Qets" {rF+ rN+ Str+4 Int-2 Dex+4}
 19278 | Lair:2   | Offered knowledge of Starburst by Vehumet.
 19290 | Lair:2   | Learned a level 6 spell: Starburst
 19979 | Lair:3   | You fall into a shaft and drop 2 floors!
 19979 | Lair:5   | Found a viscous altar of Jiyva.
 19979 | Lair:5   | Found a staircase to the Slime Pits.
 20251 | Lair:4   | Found a blossoming altar of Fedhas.
 20380 | Lair:4   | Noticed Sonja
 20382 | Lair:4   | Noticed Sonja
 20382 | Lair:4   | Sonja changed into Sonja the black bear
 20389 | Lair:4   | Killed Sonja the black bear
 20934 | Lair:4   | Offered knowledge of Eringya's Noxious Bog by Vehumet.
 21770 | Lair:3   | Found a staircase to the Snake Pit.
 22312 | Lair:5   | Paralysed by a floating eye for 2 turns
 22316 | Lair:5   | Paralysed by a floating eye for 3 turns
 22322 | Lair:5   | Paralysed by a floating eye for 3 turns
 22485 | Lair:5   | Got Vahath's Disquisition on Translocation and
                  | Confrontation
 22905 | Lair:5   | Found a runed translucent gate.
 22905 | Lair:5   | Found a runed translucent gate.
 22906 | Lair:5   | Found a runed translucent gate.
 22908 | Lair:5   | Noticed Ic0n's ghost (journeyman DsBr)
 23070 | Lair:5   | Identified a scroll of acquirement
 23071 | Lair:5   | Acquired Armakuni's Guide on Unstable Clay
 23095 | Lair:5   | Killed Ic0n's ghost
 23242 | Lair:6   | Entered Level 6 of the Lair of Beasts
 23248 | Lair:6   | Reached XP level 16. HP: 120/120 MP: 29/29
 23267 | Lair:6   | Learned a level 1 spell: Apportation
 23541 | Lair:6   | Found a gate leading to a gauntlet.
 23544 | Lair:6   | Identified the +0 plate armour "Otekkoug" {Int+2}
 23548 | Gauntlet | Entered a Gauntlet
 23548 | Gauntlet | Found a transporter.
 23559 | Gauntlet | Found a transporter.
 23562 | Gauntlet | Found a transporter.
 23563 | Gauntlet | Found a transporter.
 23567 | Gauntlet | Found a runed translucent door.
 23567 | Gauntlet | Found a runed translucent door.
 23571 | Gauntlet | Found a transporter.
 23574 | Gauntlet | Found a transporter.
 23575 | Gauntlet | Found a transporter.
 23585 | Gauntlet | Found a transporter.
 23587 | Gauntlet | Found a transporter.
 23588 | Gauntlet | Found a transporter.
 23596 | Gauntlet | Found a transporter.
 23599 | Gauntlet | Found a transporter.
 23600 | Gauntlet | Found a transporter.
 23609 | Gauntlet | Found a transporter.
 23769 | Gauntlet | Offered knowledge of Fireball by Vehumet.
 23782 | Gauntlet | Learned a level 5 spell: Fireball
 23884 | Gauntlet | Learned a level 6 spell: Iron Shot
 23901 | Gauntlet | Reached skill level 1 in Earth Magic
 24002 | Gauntlet | Identified the +2 hunting sling "Kix Oqu" {vorpal, Dex+3}
 24002 | Gauntlet | Identified the ring "Giana" {Int+5 Slay+4}
 24018 | Gauntlet | Identified the +0 leather armour of the Falcon {rPois rCorr
                  | Dex+4 Stlth-}
 24201 | Lair:6   | Identified the +3 mace "Tiziemes" {freeze, rF- Str+3 Int+2
                  | Stlth+}
 24321 | Lair:6   | Reached skill level 5 in Earth Magic
 26150 | Orc:1    | Entered Level 1 of the Orcish Mines
 26272 | Orc:1    | Found a runed translucent door.
 26273 | Orc:1    | Noticed Tenar's ghost (journeyman DsEE)
 26527 | Orc:1    | Killed Tenar's ghost
 26665 | Orc:2    | Entered Level 2 of the Orcish Mines
 26703 | Orc:2    | Found a staircase to the Elven Halls.
 26719 | Orc:2    | Noticed Josephine
 26733 | Orc:2    | Killed Josephine
 26757 | Orc:2    | Offered knowledge of Orb of Destruction by Vehumet.
 26785 | Orc:2    | Reached XP level 17. HP: 107/125 MP: 21/30
 26787 | Orc:2    | Found Vawamm's Book Shop.
 26787 | Orc:2    | Found Adur's Antique Armour Emporium.
 26938 | Orc:2    | Reached skill level 10 in Earth Magic
 27202 | Orc:2    | Found Dap Sibbe's Assorted Antiques.
 27209 | Orc:2    | Reached skill level 10 in Spellcasting
 27230 | Orc:2    | Found Mufoeqia's General Store.
 27269 | Orc:2    | Bought a scroll of teleportation for 42 gold pieces
 27359 | Orc:2    | Bought a warped silver amulet for 150 gold pieces
 27359 | Orc:2    | Identified the amulet "Weirat" {Acrobat Str+4 Int+4} (You
                  | bought it in a shop on level 2 of the Orcish Mines)
 27529 | Orc:2    | Found Geuzilesch's Jewellery Shop.
 27541 | Orc:2    | Found Muwnaemest's Magic Scroll Boutique.
 27844 | Orc:1    | Offered knowledge of Ozocubu's Refrigeration by Vehumet.
 27847 | Orc:1    | Reached ****** piety under Vehumet
 28084 | Orc:2    | Bought an ancient chain mail for 228 gold pieces
 28084 | Orc:2    | Identified the +4 chain mail of the Trees {Regen+} (You
                  | bought it in a shop on level 2 of the Orcish Mines)
 28230 | D:11     | Killed rikuthemoon's ghost
 28246 | D:11     | Identified the +3 kite shield of Fawk {rElec Dex+4}
 29123 | D:15     | Found a staircase to the Depths.
 29823 | Snake:1  | Entered Level 1 of the Snake Pit
 29854 | Snake:1  | You fall into a shaft and drop 1 floor!
 29954 | Snake:2  | Reached skill level 5 in Shields
 29998 | Snake:2  | Slain by a salamander

Illustrated notes

Levels and vault maps discovered:
D:1:      heliophobic_arrival_battle_scene, layout_rooms,
          hellmonk_ecumenical_altar_slurped_away, ebering_dispersal_statue_hall
D:2:      layout_loops_cross, serial_shops, shop_fountains
D:3:      layout_basic, mainiacjoe_overflow_big_doors, nicolae_vehumet_radiance,
          minitemple, portal_sewer_entry_d, grunt_ministairs_5
D:4:      layout_rooms, minmay_temple_entry_statues, serial_shops, shop,
          serial_forest, infiniplex_forest_clump_medium,
          infiniplex_forest_lined_1, infiniplex_forest_3_way,
          infiniplex_forest_clump_double, infiniplex_forest_clump_small,
          kennysheep_minor_cross
D:5:      layout_loops_ring, overflow_temple_1_default, uniq_duvessa,
          uniq_eustachio
D:6:      layout_basic, grunt_temple_overflow_growth_and_decay
D:7:      layout_cave_pools, gammafunk_ghost_arena, uniq_pikel,
          uniq_prince_ribbit1, uniq_crazy_yiuf_cottage, uniq_maggie
D:8:      layout_basic, nicolae_hepliaklqana_hippocampus, minmay_radiant
D:9:      layout_roguey, zin_purify, nicolae_wu_jian_immortal_techniques,
          mainiacjoe_overflow_alcove_4, lair_entry_dummy, david_orc_3,
          minivault_16, chequers_serial_rivers_room_b, corexii_corridor_pit,
          uniq_psyche
D:10:     layout_basic, bloody_trog, serial_bayou_lagoon_b, uniq_fannar
D:11:     layout_basic, nzn_ghost_randoct, portal_ice_cave_demonic_guard
D:12:     layout_cave_pools, hellmonk_bongcloud_opening, minmay_lizard_king,
          uniq_azrael
D:13:     layout_roguey
D:14:     layout_roguey [special_room_bee], erik_vaults_1,
          minmay_misc_feat_rugged, minmay_mirror_moons_of_madness
D:15:     hangedman_depths_entry_try_elsewhere_first, layout_basic,
          hangedman_decor_cross_pass, minmay_increasing_density
Lair:1:   layout_layer_cave, grunt_megastairs_5, uniq_urug, uniq_grum
Lair:2:   layout_gridlike, minmay_shoals_entry_beasts
Lair:3:   layout_regular_city, dummy_snake_entry,
          chequers_serial_rivers_small_b, serial_bayou_shore_b,
          infiniplex_staircase_pool_2
Lair:4:   layout_cave_pods, basic_altar, special_room
          [special_room_mythical_zoo], uniq_sonja
Lair:5:   layout_cave_pods, slime_altar_1, gammafunk_ghost_necromancy,
          nicolae_volcano_entry_batcave, disabler_island
Lair:6:   due_jungle_book, layout_regular_city, gauntlet_entry_generic,
          grunt_megastairs_1, serial_bayou_shore_b
Snake:1:  layout_misc_corridors, uniq_kirke
Snake:2:  layout_misc_corridors, basic_altar, minmay_shoptagon,
          lemuel_fruit_tree
Orc:1:    layout_caves, gammafunk_ghost_grave
Orc:2:    st_orc_town, layout_diamond_mine, basic_altar, serial_shops,
          nicolae_shop_hallway_plus, shop, kennysheep_orc_chapel, uniq_josephine

Skill      XL: |  1  2  3  4  5  6  7  8  9 10 11 12 13 14 15 16 17 |
---------------+----------------------------------------------------+-----
Spellcasting   | 3 5 7 8 9 10 | 10.9
Conjurations   | 5 6 7 8 9 10 11 12 | 12.4
Fighting       | 4 9 |  9.1
Staves         | 4 9 12 | 12.0
Armour         | 4 9 |  9.8
Dodging        | 5 |  5.3
Evocations     | 4 8 10 | 10.0
Translocations | 1 4 |  4.0
Fire Magic     | 7 10 11 | 11.2
Shields        | 4 5 |  5.3
Earth Magic    | 9 10 | 10.0
Stealth        | |  2.0

Action                   |  1- 3 |  4- 6 |  7- 9 | 10-12 | 13-15 | 16-18 || total
-------------------------+-------+-------+-------+-------+-------+-------++-------
Melee: Dagger            |    16 |    34 |       |       |       |       ||    50
       Quarterstaff      |       |    14 |     1 |    29 |       |       ||    44
       Rapier            |       |       |    38 |       |       |       ||    38
       Staff             |       |       |       |    67 |   253 |   375 ||   695
Throw: Javelin           |     4 |       |       |       |       |       ||     4
       Dart              |     1 |     1 |       |     1 |     3 |       ||     6
       Throwing net      |       |       |       |       |     1 |       ||     1
 Cast: Magic Dart        |    16 |       |       |       |       |       ||    16
       Searing Ray       |    14 |    34 |    38 |     5 |       |       ||    91
       Mephitic Cloud    |       |       |    12 |     3 |     1 |       ||    16
       Sticky Flame      |       |       |       |    36 |    84 |    45 ||   165
       Iskenderun's Myst |       |       |       |    47 |    66 |    28 ||   141
       Scorch            |       |       |       |    51 |   101 |    30 ||   182
       Flame Wave        |       |       |       |    17 |    25 |       ||    42
       Starburst         |       |       |       |       |     7 |    77 ||    84
       Fireball          |       |       |       |       |       |    16 ||    16
       Iron Shot         |       |       |       |       |       |    26 ||    26
Evoke: Wand              |       |       |     5 |    25 |    38 |     6 ||    74
       Lightning rod     |       |       |       |       |     8 |     9 ||    17
       Condenser vane    |       |       |       |       |       |     1 ||     1
  Use: Scroll            |     4 |     2 |     7 |     5 |     9 |     6 ||    33
       Potion            |     2 |     2 |     6 |       |     4 |     3 ||    17
 Stab: Sleeping          |     1 |     2 |       |       |       |       ||     3
       Confused          |       |       |     3 |       |       |       ||     3
       Paralysed         |       |       |       |     3 |     4 |       ||     7
Armor: Robe              |     4 |       |       |       |       |       ||     4
       Leather armour    |     1 |    35 |    14 |       |       |       ||    50
       Skin              |       |       |     2 |       |       |       ||     2
       Ring mail         |       |       |       |    81 |   154 |    52 ||   287
       Troll leather arm |       |       |       |       |       |    84 ||    84
       Chain mail        |       |       |       |       |       |    74 ||    74
Dodge: Dodged            |    25 |    77 |    28 |   187 |   271 |   244 ||   832
Block: Buckler           |       |       |       |       |    86 |   138 ||   224
       Reflection        |       |       |       |       |       |     3 ||     3

Table legend: (Time is in decaauts)
 A = Elapsed time spent in this place.
 B = Non-inter-level travel time spent in this place.
 C = Inter-level travel time spent in this place.
 D = Time resting spent in this place.
 E = Time spent auto-exploring this place.
 F = Levels seen in this place.
 G = Mean time per level.
                   A        B        C        D        E       F      G
               +--------+--------+--------+--------+--------+-----+--------+
         Total |  29890 |  28290 |   1600 |   6644 |  15837 |  27 | 1107.0 |
       Dungeon |  18676 |  17621 |   1055 |   4605 |   9603 |  15 | 1245.1 |
          Lair |   8142 |   7710 |    432 |   1248 |   4852 |   6 | 1357.0 |
     Snake Pit |    171 |    171 |      0 |     37 |     48 |   2 |   85.5 |
  Orcish Mines |   1931 |   1820 |    111 |    329 |   1037 |   2 |  965.5 |
         Sewer |    506 |    506 |      0 |    280 |    154 |   1 |  506.0 |
      Gauntlet |    460 |    460 |      0 |    145 |    142 |   1 |  460.0 |
               +--------+--------+--------+--------+--------+-----+--------+

Top non-repeatable levels by time:
  Lair:6: 2200 daAuts
    D:11: 1934 daAuts
    D:15: 1830 daAuts
    D:14: 1754 daAuts
    D:13: 1642 daAuts
     D:3: 1537 daAuts
  Lair:1: 1502 daAuts
  Lair:4: 1461 daAuts
     D:8: 1349 daAuts
     D:6: 1264 daAuts
   Orc:2: 1155 daAuts
     D:5: 1144 daAuts
    D:10: 1116 daAuts
     D:9: 1088 daAuts
     D:2: 1076 daAuts
